 Dungeon Crawl Stone Soup version 0.27-a0-1502-g47ed6a6988 (webtiles) character file.

Game seed: 11075468272060778949

136 funkygono the Shield-Bearer (level 5, 0/33 HPs)
             Began as a Gargoyle Fighter on July 10, 2021.
             Killed from afar by an orc wizard (8 damage)
             ... with a puff of flame
             ... on level 3 of the Dungeon.
             The game lasted 00:06:34 (2711 turns).

funkygono the Shield-Bearer (Gargoyle Fighter)      Turns: 2711, Time: 00:06:34

Health: 0/33       AC: 13    Str: 20    XL:     5   Next: 19%
Magic:  5/5        EV:  7    Int:  9    God:
Gold:   58         SH:  9    Dex:  9    Spells: 4/4 levels left

rFire    . . .     SeeInvis .   a - +1 flail
rCold    . . .     Faith    .   c - +0 kite shield
rNeg     + . .     Spirit   .   b - +0 scale mail
rPois    ∞         Reflect  .   j - +0 helmet
rElec    +         Harm     .   i - +0 cloak
rCorr    .         Rampage  .   (no gloves)
Will     .....                  (no boots)
Stlth    ..........             (no amulet)
HPRegen  0.11/turn              k - ring of wizardry
MPRegen  0.09/turn              (no ring)

@: mighty
A: sickness immunity, AC +4, negative energy resistance 1, electricity
resistance, torment resistance 1, petrification resistance
a: no special abilities


You were on level 3 of the Dungeon.
You visited 1 branch of the dungeon, and saw 3 of its levels.

You collected 58 gold pieces.

Inventory:

Hand Weapons
 a - a +1 flail (weapon)
 f - a +0 whip
Missiles
 e - 57 stones (quivered)
Armour
 b - a +0 scale mail (worn)
 c - a +0 kite shield (worn)
 i - a +0 cloak (worn)
 j - a +0 helmet (worn)
Jewellery
 k - a ring of wizardry (left hand)
Scrolls
 g - a scroll of magic mapping
 h - a scroll of acquirement {unknown}
Potions
 d - a potion of might
 l - a potion of flight {unknown}
 n - a potion of attraction {unknown}
 o - a potion of brilliance {unknown}


   Skills:
 + Level 4.0 Fighting
 + Level 3.0 Maces & Flails
 + Level 1.1 Throwing
 + Level 4.0 Armour
 + Level 0.3 Dodging
 + Level 4.2 Shields


You had 4 spell levels left.
You didn't know any spells.
Your spell library was empty.

Dungeon Overview and Level Annotations

Branches:
Dungeon (3/15)

Altars:
Ru


Innate Abilities, Weirdness & Mutations

You are immune to sickness and miasma.
Your stone body is resilient. (AC +4)
You are immune to poison.
You resist negative energy. (rN+)
You are resistant to electric shocks. (rElec)
You are resistant to unholy torment.
You are immune to petrification.


Message History

The orc wizard's wounds heal themselves!
The orc wizard hits you with a +0 dagger.
You bump into the rock wall.
The orc priest calls down the wrath of Beogh upon you.
Beogh smites you!
The orc wizard gestures at you while chanting.
The puff of flame hits you.
You feel very mighty all of a sudden.
The orc priest looks encouraged for a moment.
The orc wizard hits you with a +0 dagger.
* * * LOW HITPOINT WARNING * * *
You bump into the rock wall.
You feel less confused.
The orc wizard gestures wildly while chanting.
The orc wizard flickers and vanishes!
Deactivating autopickup; reactivate with Ctrl-A.
You hit something. Something hits you but does no damage.
Okay, then.
You feel better. Something hits you but does no damage.
You closely miss something.
You hear some strange, mumbled words.
You are confused.
You completely miss something.
Something hits you but does no damage. x2
You miss something. Something hits you but does no damage.
You closely miss something.
The orc priest mumbles some strange prayers to Beogh against you.
Beogh smites you!
You hear some strange, mumbled words.
A puff of flame appears from out of thin air!
The puff of flame hits you.
* * * LOW HITPOINT WARNING * * *
Something completely misses you.
You bump into the rock wall.
You feel less confused.
The orc wizard gestures wildly while chanting.
The orc wizard flickers and vanishes!
You hear some strange, mumbled words.
A puff of flame appears from out of thin air!
The puff of flame hits you!
You die...

#
#..#.≈≈§§≈≈§##..#
##.o#..≈≈§.≈..#..#
#...##.≈≈§.≈≈....#
#.......§.§≈§....#
#...#o.§§≈.§≈..#
#####o#.§......#
#{####.#...# #{#
##.#####
#@###...##
#.##.#.#.###
#.##.#...†.#
#.##.###.#.#
..###...##.# ###
######†# #.#######
#........
#########


You could see an orc priest and an orc.

Vanquished Creatures
  A hound (D:3)
  Robin (D:2)
  An adder (D:2)
  3 dart slugs
  5 orcs
  4 ball pythons
  3 endoplasms
  10 hobgoblins
  6 jackals
  4 quokkas
  6 bats
  2 frilled lizards (D:1)
  14 goblins
  4 kobolds
  3 rats
67 creatures vanquished.

Notes
Turn   | Place    | Note
-------+----------+-------------------------------------------
     0 | D:1      | funkygono the Gargoyle Fighter began the quest for the Orb.
     0 | D:1      | Reached XP level 1. HP: 14/14 MP: 1/1
   249 | D:1      | Reached XP level 2. HP: 19/19 MP: 2/2
   290 | D:1      | You fall into a shaft and drop 1 floor!
   360 | D:1      | Found a faded altar of an unknown god.
   605 | D:1      | Reached XP level 3. HP: 23/23 MP: 3/3
  1551 | D:2      | Noticed Robin
  1561 | D:2      | Killed Robin
  1562 | D:2      | Reached XP level 4. HP: 18/29 MP: 4/4
  2604 | D:3      | Found a sacrificial altar of Ru.
  2631 | D:3      | Reached skill level 1 in Throwing
  2631 | D:3      | Reached XP level 5. HP: 33/33 MP: 5/5
  2711 | D:3      | Killed from afar by an orc wizard

Illustrated notes

Levels and vault maps discovered:
D:1:      dpeg_arrival_tiny_a, layout_basic, serial_rivers,
          chequers_serial_rivers_micro_a, chequers_serial_rivers_room_a,
          chequers_serial_rivers_marsh, chequers_serial_rivers_small_3,
          chequers_serial_rivers_small_a, basic_ecumenical_altar
D:2:      layout_basic, uniq_robin
D:3:      cheibrodos_pilgrimage, layout_loops_ring,
          mainiacjoe_overflow_catch_the_wave, serial_shops, nicolae_shop_stone

Skill      XL: |  1  2  3  4  5 |
---------------+----------------+-----
Shields        | 4 |  4.2
Armour         | 4 |  4.0
Fighting       | 4 |  4.0
Throwing       | 1 |  1.1
Maces & Flails | 3 |  3.0
Dodging        | |  0.3

Action                   |  1- 3 |  4- 6 || total
-------------------------+-------+-------++-------
Melee: Flail             |   152 |    68 ||   220
Throw: Stone             |    50 |    40 ||    90
  Use: Scroll            |     1 |     5 ||     6
       Potion            |       |     2 ||     2
Armor: Scale mail        |    75 |    46 ||   121
Dodge: Dodged            |    45 |    19 ||    64
Block: Kite shield       |    80 |    46 ||   126

Table legend: (Time is in decaauts)
 A = Elapsed time spent in this place.
 B = Non-inter-level travel time spent in this place.
 C = Inter-level travel time spent in this place.
 D = Time resting spent in this place.
 E = Time spent auto-exploring this place.
 F = Levels seen in this place.
 G = Mean time per level.
                   A        B        C        D        E       F      G
               +--------+--------+--------+--------+--------+-----+--------+
         Total |   2859 |   2773 |     86 |    125 |   1857 |   3 |  953.0 |
       Dungeon |   2859 |   2773 |     86 |    125 |   1857 |   3 |  953.0 |
               +--------+--------+--------+--------+--------+-----+--------+

Top non-repeatable levels by time:
     D:2: 1572 daAuts
     D:1: 1025 daAuts
     D:3: 261 daAuts
